 Dungeon Crawl Stone Soup version 0.21-a0-396-ga924934 (webtiles) character file.

176 AverageBear the Ducker (level 5, -4/31 HPs)
             Began as a Deep Elf Fighter on Oct 20, 2017.
             Slain by an ogre
             ... wielding a +0 giant club
              (22 damage)
             ... on level 4 of the Dungeon.
             The game lasted 00:02:35 (2402 turns).

AverageBear the Ducker (Deep Elf Fighter)           Turns: 2402, Time: 00:02:36

Health: -4/31      AC:  7    Str: 14    XL:     5   Next: 30%
Magic:  7/7        EV:  8    Int: 13    God:
Gold:   138        SH:  8    Dex: 14    Spells: 4/4 levels left

rFire    . . .     SeeInvis .   l - +3 short sword (speed)
rCold    . . .     Gourm    .   c - +0 shield
rNeg     . . .     Faith    .   b - +0 scale mail
rPois    .         Spirit   .   (no helmet)
rElec    .         Reflect  .   e - scarf {repulsion}
rCorr    .         Harm     .   (no gloves)
MR       .....                  t - +0 pair of boots
Stlth    ..........             (no amulet)
HPRegen  0.10/turn              (no ring)
MPRegen  0.10/turn              (no ring)

@: repel missiles
A: no striking features
a: no special abilities


You were on level 4 of the Dungeon.
You were not hungry.

You visited 1 branch of the dungeon, and saw 4 of its levels.

You collected 138 gold pieces.

Inventory:

Hand Weapons
 a - a +0 rapier
 h - a cursed +0 dagger
 l - a +3 short sword of speed (weapon)
Armour
 b - a +0 scale mail (worn)
 c - a +0 shield (worn)
 e - a scarf of repulsion (worn)
 t - a +0 pair of boots (worn)
Scrolls
 g - a scroll of noise {unknown}
 k - a scroll of enchant weapon
 o - 3 scrolls of remove curse {unknown}
 r - a scroll of random uselessness
 w - a scroll of teleportation {unknown}
Potions
 d - 2 potions of might
 i - a potion of berserk rage
 j - a potion of flight
 m - a potion of ambrosia
 n - 4 potions of curing
 p - a potion of lignification {unknown}
 q - a potion of agility {unknown}
 s - 2 potions of brilliance {unknown}
 x - 2 potions of cancellation {unknown}
 z - a potion of resistance
Comestibles
 f - a bread ration
 u - a meat ration


   Skills:
 - Level 2.4 Fighting
 - Level 4.1 Short Blades
 - Level 2.4 Armour
 + Level 4.2 Dodging
 - Level 2.4 Shields


You had 4 spell levels left.
You didn't know any spells.

Dungeon Overview and Level Annotations

Branches:
Dungeon (4/15)
 Temple: D:4-7

Altars:


Message History

You are too injured to fight recklessly!
You are too injured to fight recklessly!
You are too injured to fight recklessly!
You are too injured to fight recklessly!
You are too injured to fight recklessly!
You are too injured to fight recklessly!
You are too injured to fight recklessly!
You are too injured to fight recklessly!
You hit the ogre.
The ogre is severely wounded.
Your shield and scale mail prevent you from hitting the ogre.
The ogre is severely wounded.
The ogre barely misses you.
You hit the ogre.
The ogre is almost dead.
You hit the ogre.
The ogre is almost dead.
The ogre hits you with a giant club!!
Ouch! That really hurt!
You die...

# #. .#..#
....######.....#
#!.....<)..# ..#
#.#.###.####...#
#......))).....#
###.#####.###..#
..=....@....>#
.......O.#####
#.#.###..# #
#..# #..# ...#
..$# ...#


You could see an ogre.

Vanquished Creatures
  9 adders
  An ooze (D:2)
  An adder skeleton (D:2)
  2 worms (D:2)
  2 dart slugs
  3 leopard geckos
  4 orcs (D:4)
  A ball python (D:2)
  5 giant cockroaches
  13 goblins
  2 hobgoblins
  12 kobolds
  2 quokkas (D:2)
  6 bats
  5 frilled lizards
  A quokka zombie (D:2)
  3 rats
72 creatures vanquished.

Notes
Turn   | Place    | Note
-------+----------+-------------------------------------------
     0 | D:1      | AverageBear the Deep Elf Fighter began the quest for the Orb.
     0 | D:1      | Reached XP level 1. HP: 13/13 MP: 3/3
   186 | D:1      | Reached XP level 2. HP: 18/18 MP: 4/4
   596 | D:1      | Reached XP level 3. HP: 22/22 MP: 5/5
  1082 | D:2      | Reached skill level 1 in Dodging
  1096 | D:2      | Reached XP level 4. HP: 24/27 MP: 6/6
  1720 | D:3      | Reached XP level 5. HP: 31/31 MP: 7/7
  2389 | D:4      | Noticed an ogre
  2402 | D:4      | Slain by an ogre

Vault maps used:
D:1:      shiori_arrival_elements, minmay_misc_feat_roman
D:2:      minmay_tromino_mix6
D:4:      minmay_temple_entry_junction_2, first_bread, serial_shops, shop

Skill      XL: |  1  2  3  4  5 |
---------------+----------------+-----
Short Blades   | 3 4 |  4.1
Dodging        | 1 3 4 |  4.2
Fighting       | |  2.4
Armour         | |  2.4
Shields        | |  2.4

Action                   |  1- 3 |  4- 6 || total
-------------------------+-------+-------++-------
Melee: Rapier            |    46 |       ||    46
       Short sword       |   123 |   133 ||   256
  Use: Scroll            |     2 |     5 ||     7
       Potion            |       |     1 ||     1
  Eat: Chunk             |     1 |     4 ||     5
Armor: Scale mail        |    59 |    39 ||    98
Dodge: Dodged            |    44 |    34 ||    78
       Deflected         |     1 |     1 ||     2
Block: Shield            |    65 |    39 ||   104

Table legend:
 A = Spawn XP
 B = Non-spawn XP
 C = Spawn XP percentage of total XP
 D = Spawn monster count
 E = Non-spawn monster count
 F = Spawn count percentage of total count
 G = Total turns spent on level
                    A         B        C        D         E        F      G
               +---------+---------+-------+---------+---------+-------+---------
         Total |       0 |     252 |   0.0 |       0 |      72 |   0.0 |  2402
               +---------+---------+-------+---------+---------+-------+---------
           D:1 |       0 |      42 |   0.0 |       0 |      22 |   0.0 |   631
           D:2 |       0 |     147 |   0.0 |       0 |      32 |   0.0 |  1044
           D:3 |       0 |      51 |   0.0 |       0 |      14 |   0.0 |   702
           D:4 |       0 |      12 |   0.0 |       0 |       4 |   0.0 |    25
               +---------+---------+-------+---------+---------+-------+---------
